 Dungeon Crawl Stone Soup version 0.29-a0-791-ga0f254aafb (webtiles) character file.

Game seed: 17941808777876932326

6029 Malachi the Fighter (level 10, 0/88 HPs)
             Began as a Demonspawn Brigand on July 3, 2022.
             Was a Believer of Hepliaklqana.
             Slain by a two-headed ogre
             ... wielding a +0 vorpal giant spiked club
              (2 damage)
             ... on level 8 of the Dungeon.
             The game lasted 00:22:12 (9258 turns).

Malachi the Fighter (Demonspawn Brigand)            Turns: 9258, Time: 00:22:13

Health: 0/88       AC: 16    Str: 27    XL:     10   Next: 56%
Magic:  10/10      EV: 16    Int: 12    God:    Hepliaklqana [**....]
Gold:   1614       SH:  0    Dex: 26    Spells: 9/9 levels left

rFire   . . .      SeeInvis .   B - +0 short sword (elec)
rCold   + + .      Faith    .   (no shield)
rNeg    . . .      Spirit   .   z - +6 scale mail "Otorrub" {Str+10}
rPois   .          Reflect  .   L - +1 helmet
rElec   +          Harm     .   c - +0 cloak
rCorr   .          Rampage  .   (no gloves)
Will    .....                   (no boots)
Stlth   ++........              i - amulet of regeneration
HPRegen 1.04/turn               D - ring "Eskee" {*Corrode rElec rC++ Str+6 Slay+3}
MPRegen 0.12/turn               J - +6 ring of dexterity

@: agile
A: reduced essence, claws 1, rugged brown scales 1, powered by pain 2
a: Renounce Religion, Recall Ancestor, Ancestor Identity


You were on level 8 of the Dungeon.
You worshipped Hepliaklqana.
Hepliaklqana was pleased with you.
You visited 2 branches of the dungeon, and saw 9 of its levels.
You visited the Abyss 1 time.
You also visited: Ossuary.

You collected 1614 gold pieces.

Inventory:

Hand Weapons
 j - a +0 long sword
 B - a +0 short sword of electrocution (weapon)
Missiles
 d - 16 poisoned darts (quivered)
 e - 3 curare-tipped darts
Armour
 c - a +0 cloak (worn)
 l - a +3 leather armour
 z - the +6 scale mail "Otorrub" (worn) {Str+10}
   (You took it off an orc on level 3 of the Dungeon)

   Str:       It affects your strength (+10).
 L - a +1 helmet (worn)
 U - a +0 kite shield
Jewellery
 h - a +4 ring of protection
 i - an amulet of regeneration (around neck)
 m - a ring of willpower
 n - a ring of wizardry
 x - a ring of fire
 D - the ring "Eskee" (left claw) {*Corrode rElec rC++ Str+6 Slay+3}
   (You acquired it on level 6 of the Dungeon)

   [ring of strength]

   Str:       It affects your strength (+6).
   Slay:      It affects your accuracy & damage with ranged weapons and melee
   (+3).
   rC:        It greatly protects you from cold.
   rElec:     It insulates you from electricity.
   *Corrode:  It may corrode you when you take damage.
 J - a +6 ring of dexterity (right claw)
 M - a ring of protection from cold
 T - an amulet of the acrobat
Wands
 E - a wand of flame (7)
 F - a wand of iceblast (8)
Scrolls
 f - a scroll of silence
 r - 3 scrolls of immolation
 v - 6 scrolls of teleportation
 w - a scroll of enchant armour
 y - 2 scrolls of poison
 G - 3 scrolls of enchant weapon {unknown}
 P - 2 scrolls of vulnerability {unknown}
 R - a scroll of amnesia {unknown}
 S - a scroll of fear {unknown}
Potions
 b - 2 potions of curing
 g - 3 potions of invisibility
 o - 3 potions of haste
 p - a potion of magic
 q - a potion of resistance
 s - 3 potions of attraction {unknown}
 t - 2 potions of might {unknown}
 u - a potion of berserk rage {unknown}
 A - 2 potions of degeneration {unknown}
 H - 2 potions of heal wounds {unknown}
 K - 2 potions of brilliance {unknown}
 N - a potion of flight {unknown}
 O - 2 potions of lignification {unknown}
 Q - a potion of mutation {unknown}


   Skills:
 + Level 14.7 Fighting
 - Level 1.7(3.1) Short Blades
 - Level 3.9(4.1) Long Blades
 - Level 1.7 Throwing
 * Level 2.1 Armour
 * Level 1.7 Dodging
 - Level 3.6 Stealth
 - Level 2.0 Evocations


You had 9 spell levels left.
You didn't know any spells.
Your spell library contained the following spells:

 Spells                   Type           Power      Damage    Failure   Level
 Apportation              Tloc           0%         N/A       58%         1
 Necrotize                Necr           0%         1d4       58%         1
 Summon Small Mammal      Summ           0%         N/A       58%         1


Dungeon Overview and Level Annotations

Branches:
Dungeon (8/15)             Temple (1/1) D:5         Ossuary (visited)
   Lair: D:8-11

Altars:
Ashenzari
Cheibriados
Dithmenos
Fedhas
Gozag
Hepliaklqana
Kikubaaqudgha
Makhleb
Nemelex Xobeh
Okawaru
Qazlal
Ru
Sif Muna
Trog
Vehumet
Wu Jian
Yredelemnul

Shops:
D:2 (   D:5 [

Annotations:
D:8 gabibbone's ghost, novice HOFi


Innate Abilities, Weirdness & Mutations

Your life essence is reduced to manifest your ancestor. (-10% HP)
You have sharp fingernails.
You are partially covered in rugged brown scales. (AC +1, +3% HP)
You sometimes gain power by taking damage.


Message History

Press: ? - help, Shift-Dir - straight line, f - gnoll sergeant
Aim: a gnoll sergeant, wielding a +0 spear of distortion and wearing a +0 ring mail (ally target, 79% to hit)
The bolt of acid hits the gnoll sergeant.
The acid corrodes the gnoll sergeant!
The gnoll sergeant is moderately wounded.
The now-empty wand crumbles to dust.
The gnoll sergeant hits you but does no damage.
You blink.
Kiziak barely misses the gnoll sergeant.
The two-headed ogre barely misses you.
The two-headed ogre hits you with a +0 giant spiked club of flaming!!
The two-headed ogre burns you!
You hit the two-headed ogre.
The two-headed ogre is lightly wounded.
You barely miss the two-headed ogre.
The two-headed ogre is lightly wounded.
The two-headed ogre hits you with a +0 vorpal giant spiked club!
The two-headed ogre barely misses you.
You puncture the two-headed ogre!
The two-headed ogre is moderately wounded.
The two-headed ogre hits you with a +0 vorpal giant spiked club!!
* * * LOW HITPOINT WARNING * * *
You focus on the pain.
You feel agile all of a sudden.
* * * LOW HITPOINT WARNING * * *
The two-headed ogre hits you with a +0 giant spiked club of flaming.
* * * LOW HITPOINT WARNING * * *
The two-headed ogre burns you.
* * * LOW HITPOINT WARNING * * *
As you read the scroll of summoning, it crumbles to dust.
Wisps of shadow whirl around you...
Kiziak hits the gnoll sergeant with a +0 quarterstaff!
Gabibbone's ghost hits your orc.
Your orc is poisoned.
The gnoll sergeant hits Kiziak with a +0 spear of distortion!
Space warps around Kiziak.
You swap places.
The two-headed ogre attacks as you move away!
The two-headed ogre hits you with a +0 vorpal giant spiked club.
You die...

#... .......# ...
###....####### ##..
#...###........# #..#
..... #........
#..#####y...##........
##.##.#≈#.###.##.......
##..#..##y..y##.#.......
#..©#©.oogR.##(©#©.....#
#...#..@#!....§.#......#
#.#)##5O#≈#....##.......
#....#oo###.gR.#..(.....
#....###W.#...##........
#.<...###.W.###.........
#.......#####......<....
#.......................
#.......................
#...##...#########+#####


You could see the friendly Kiziak the battlemage, a two-headed ogre (ally
target), a gnoll sergeant (distracted, corroded, ally target), gabibbone's
ghost, 3 friendly killer bees, a friendly orc wizard (summoned), a friendly
white imp (summoned) and 4 friendly orcs.

Vanquished Creatures
  A manticore (D:6)
  Joseph (D:7)
  A moth of wrath (D:8)
  An unseen horror (D:6)
  A polar bear (D:8)
  Sigmund (D:4)
  2 wraiths
  A steam dragon (D:7)
  A chaos spawn (Abyss:2)
  A large abomination (Abyss:2)
  8 orc warriors
  A sky beast (D:6)
  3 ogres
  A phantom (D:5)
  A bullfrog (D:7)
  5 scorpions
  A necrophage (D:5)
  3 wights (D:7)
  3 killer bees (D:8)
  2 small abominations (Abyss:2)
  3 electric eels (D:3)
  11 orc priests
  A human zombie (Ossuary)
  3 jellies (D:4)
  A hound (D:6)
  Ijyb (D:4)
  16 orc wizards
  3 mummies (Ossuary)
  7 gnolls
  7 adders
  A shadow imp (D:7)
  4 white imps
  2 ufetubi (D:6)
  2 worms
  A dart slug (D:2)
  37 orcs
  8 bats
  11 endoplasms
  3 giant cockroaches
  3 goblins
  6 hobgoblins
  4 jackals (D:1)
  8 quokkas
  5 ball pythons
  2 frilled lizards
  4 goblin zombies (Ossuary)
  2 hobgoblin zombies (Ossuary)
  5 kobolds
  A kobold zombie (Ossuary)
  5 rats
206 creatures vanquished.

Vanquished Creatures (collateral kills)
  An orc warrior (D:6)
  An ice beast (D:6)
  A necrophage (D:7)
  A gnoll (D:7)
  3 orcs
  A kobold (D:8)
8 creatures vanquished.

Vanquished Creatures (others)
  A battlemage (D:8)
  An orc wizard (D:6)
  4 ancestors
  A demonic plant (Abyss:2)
  A plant (D:3)
8 creatures vanquished.

Grand Total: 222 creatures vanquished

Notes
Turn   | Place    | Note
-------+----------+-------------------------------------------
     0 | D:1      | Malachi the Demonspawn Brigand began the quest for the Orb.
     0 | D:1      | Reached XP level 1. HP: 16/16 MP: 1/1
   560 | D:1      | Gained mutation: You have sharp fingernails. [demonic
                  | ancestry]
   560 | D:1      | Reached XP level 2. HP: 23/23 MP: 2/2
   655 | D:1      | Reached skill level 1 in Long Blades
   725 | D:1      | Found a faded altar of an unknown god.
   767 | D:1      | Gained mutation: You sometimes gain a little power by
                  | taking damage. [demonic ancestry]
   767 | D:1      | Reached XP level 3. HP: 27/28 MP: 3/3
  1448 | D:2      | Reached XP level 4. HP: 33/34 MP: 4/4
  1833 | D:2      | Found Lyxirph's Weapon Shoppe.
  2152 | D:3      | Identified the +6 scale mail "Otorrub" {Str+10}
  2174 | D:3      | Found a transporter.
  2198 | D:3      | Reached XP level 5. HP: 29/40 MP: 5/5
  2501 | D:3      | Identified the +4 short sword of Pandemonium {pain, Str+4}
  2568 | D:3      | Found a radiant altar of Vehumet.
  2628 | D:3      | Found a transporter.
  2903 | D:3      | Reached skill level 3 in Fighting
  3158 | D:3      | Reached skill level 4 in Fighting
  3158 | D:3      | Reached XP level 6. HP: 20/48 MP: 6/6
  3506 | D:4      | Noticed Ijyb
  3510 | D:4      | Killed Ijyb
  3511 | D:4      | Reached skill level 1 in Evocations
  3822 | D:4      | Reached skill level 5 in Fighting
  3922 | D:4      | Found a basalt altar of Yredelemnul.
  4184 | D:4      | Noticed Sigmund
  4198 | D:4      | Killed Sigmund
  4199 | D:4      | Reached skill level 6 in Fighting
  4199 | D:4      | Reached XP level 7. HP: 39/58 MP: 7/7
  4723 | D:5      | Entered Level 5 of the Dungeon
  4786 | D:5      | Found a staircase to the Ecumenical Temple.
  4807 | Temple   | Entered the Ecumenical Temple
  4951 | Temple   | Became a worshipper of Hepliaklqana the Forgotten
  4988 | D:5      | Reached skill level 7 in Fighting
  5006 | D:5      | Found an iron altar of Okawaru.
  5192 | D:5      | Found Adixod's Armour Shop.
  5210 | D:5      | Reached XP level 8. HP: 64/68 MP: 8/8
  5214 | D:5      | Reached skill level 8 in Fighting
  5510 | D:5      | Reached skill level 9 in Fighting
  5923 | D:6      | Found a shadowy altar of Dithmenos.
  5939 | D:6      | Found an ancient bone altar of Kikubaaqudgha.
  6165 | D:6      | Reached skill level 10 in Fighting
  6298 | D:7      | Found a sand-covered staircase.
  6303 | Ossuary  | Entered an ossuary
  6821 | Ossuary  | Reached * piety under Hepliaklqana
  6851 | Ossuary  | Gained mutation: You are partially covered in rugged brown
                  | scales. (AC +1, +3% HP) [demonic ancestry]
  6851 | Ossuary  | Reached XP level 9. HP: 53/73 MP: 9/9
  7056 | D:6      | Reached skill level 11 in Fighting
  7433 | D:6      | Noticed a manticore
  7456 | D:6      | Killed a manticore
  7457 | D:6      | Reached skill level 12 in Fighting
  7511 | D:6      | Killed an unseen horror
  7635 | D:6      | Identified 2 scrolls of acquirement
  7635 | D:6      | Acquired 1135 gold pieces
  7637 | D:6      | Acquired the ring "Eskee" {*Corrode rElec rC++ Str+6
                  | Slay+3}
  7646 | D:7      | Noticed Joseph
  7665 | D:7      | Reached skill level 13 in Fighting
  7683 | D:7      | Killed Joseph
  7790 | D:7      | Gained mutation: You sometimes gain power by taking damage.
                  | [demonic ancestry]
  7790 | D:7      | Reached XP level 10. HP: 71/82 MP: 10/10
  7843 | D:7      | Found a transporter.
  7866 | D:7      | Found a blossoming altar of Fedhas.
  7932 | D:7      | Found a transporter.
  8266 | D:8      | Reached skill level 14 in Fighting
  8778 | D:8      | Found a transporter.
  8778 | D:8      | Found a transporter.
  8781 | D:8      | Found a bloodstained altar of Trog.
  8787 | D:8      | Noticed a two-headed ogre
  8795 | D:8      | Reached ** piety under Hepliaklqana
  8798 | D:8      | Remembered your ancestor Kiziak as a battlemage
  8801 | D:8      | Noticed a moth of wrath
  8802 | D:8      | Noticed gabibbone's ghost (novice HOFi)
  8806 | Abyss:2  | Cast into level 2 of the Abyss (gnoll sergeant)
  8872 | Abyss:2  | Reached skill level 1 in Dodging
  8879 | Abyss:2  | Reached skill level 1 in Armour
  8915 | Abyss:2  | Noticed a wretched star
  8970 | Abyss:2  | Noticed a brown very ugly thing
  8981 | Abyss:2  | Noticed a brown very ugly thing
  8991 | Abyss:2  | Noticed a deep elf demonologist
  9005 | Abyss:2  | Noticed a rakshasa
  9060 | Abyss:2  | Noticed a thrashing horror
  9147 | Abyss:2  | Noticed a worldbinder
  9154 | Abyss:2  | Noticed a rakshasa
  9155 | Abyss:2  | Noticed a black mamba
  9160 | Abyss:2  | Noticed a black mamba
  9160 | Abyss:2  | Noticed a black mamba
  9160 | Abyss:2  | Noticed a black mamba
  9164 | Abyss:2  | Noticed a smoke demon
  9167 | Abyss:2  | Noticed a black mamba
  9167 | Abyss:2  | Noticed a mana viper
  9167 | D:8      | Escaped the Abyss
  9179 | D:8      | Killed a moth of wrath
  9256 | D:8      | HP: 3/88 [two-headed ogre/+0 vorpal giant spiked club (4)]
  9256 | D:8      | HP: 1/88 [two-headed ogre/+0 vorpal giant spiked club (2)]
  9258 | D:8      | Slain by a two-headed ogre

Illustrated notes

Levels and vault maps discovered:
D:1:      dpeg_arrival_circle_labyrinth_c, layout_rooms,
          ebering_ecumenical_altar_box
D:2:      layout_basic, serial_shops, shop, minmay_misc_feat_iff,
          grunt_ministairs_1, minmay_heptomino_w4
D:3:      gammafunk_steamed_eel, layout_loops_cross, marbit_many_paths,
          kennysheep_generic_room_3
D:4:      layout_loops_ring, general_overflow_altar, minivault_19, uniq_sigmund,
          uniq_ijyb
D:5:      layout_cave_pools, amcnicky_altar_gilded, minmay_temple_entry_ruins,
          serial_shops, nicolae_shop_hallway_plus
D:6:      minmay_cornered_nines, layout_basic,
          nicolae_kikubaaqudgha_miasma_corner, lemuel_crystal_altar
D:7:      gammafunk_beogh_shrine, layout_loops_cross,
          mainiacjoe_overflow_brackets, nicolae_ossuary_entry_plus,
          serial_bayou_crossing, uniq_joseph
D:8:      layout_gridville, elyvilon_altar_3, serial_ice, serial_ice_d,
          serial_ice_a, serial_ice_i, serial_ice_o,
          gammafunk_ghost_wrathful_warriors, solitary_fountain, uniq_maggie
Temple:   hellmonk_temple_forest_ring

Skill      XL: |  1  2  3  4  5  6  7  8  9 10 |
---------------+-------------------------------+-----
Long Blades    | 1 2 3 |  3.9
Fighting       | 4 6 7 10 13 14 | 14.7
Evocations     | 1 2 |  2.0
Dodging        | 1 |  1.7
Armour         | 2 |  2.1
Short Blades   | |  1.7
Throwing       | |  1.7
Stealth        | |  3.6

Action                   |  1- 3 |  4- 6 |  7- 9 | 10-12 || total
-------------------------+-------+-------+-------+-------++-------
Melee: Long sword        |    96 |    72 |       |       ||   168
       Dagger            |     5 |       |       |       ||     5
       Punch             |     1 |     2 |     5 |     4 ||    12
       Short sword       |       |    79 |   346 |   179 ||   604
Invok: Ancestor Identity |       |       |     1 |       ||     1
       Ancestor Life: Ba |       |       |       |     1 ||     1
Evoke: Wand              |       |     5 |       |     7 ||    12
  Use: Scroll            |       |       |    12 |     6 ||    18
       Potion            |       |       |     1 |     5 ||     6
 Stab: Sleeping          |     7 |     8 |     2 |       ||    17
       Distracted        |       |       |       |     1 ||     1
       Invisible         |       |       |       |     1 ||     1
Armor: Robe              |     3 |       |       |       ||     3
       Leather armour    |    63 |    35 |       |       ||    98
       Scale mail        |       |    45 |   222 |   133 ||   400
Dodge: Dodged            |    88 |    85 |   141 |   132 ||   446

Table legend: (Time is in decaauts)
 A = Elapsed time spent in this place.
 B = Non-inter-level travel time spent in this place.
 C = Inter-level travel time spent in this place.
 D = Time resting spent in this place.
 E = Time spent auto-exploring this place.
 F = Levels seen in this place.
 G = Mean time per level.
                   A        B        C        D        E       F      G
               +--------+--------+--------+--------+--------+-----+--------+
         Total |   9301 |   8978 |    323 |   1432 |   5121 |  11 |  845.5 |
       Dungeon |   8076 |   7770 |    306 |   1098 |   4776 |   8 | 1009.5 |
        Temple |    165 |    148 |     17 |      0 |    133 |   1 |  165.0 |
         Abyss |    367 |    367 |      0 |     79 |      0 |   1 |  367.0 |
       Ossuary |    692 |    692 |      0 |    255 |    212 |   1 |  692.0 |
               +--------+--------+--------+--------+--------+-----+--------+

Top non-repeatable levels by time:
     D:3: 1353 daAuts
     D:4: 1352 daAuts
     D:1: 1244 daAuts
     D:7: 1121 daAuts
     D:6: 1083 daAuts
     D:5: 883 daAuts
     D:2: 811 daAuts
 Ossuary: 692 daAuts
 Abyss:2: 367 daAuts
     D:8: 225 daAuts
  Temple: 165 daAuts
